[Event "1st Sivas Buruciye Open 2019"]
[Site "Sivas"]
[Date "2019.08.22"]
[Round "6"]
[White "Sibli, Murat Yigit"]
[Black "Tutmaz, Bugra Hamza"]
[Result "1-0"]
[ECO "B13"]
[WhiteElo "1583"]
[BlackElo "1276"]
[Annotator "NA"]
[PlyCount "65"]
[EventDate "2019.08.19"]
[EventType "swiss"]
[EventCountry "TUR"]
[SourceTitle "playchess.com"]
[Source "ChessBase"]
[SourceQuality "1"]
[TimeControl "5400+30"]

1. e4 c6 2. d4 d5 3. exd5 cxd5 4. Bd3 Nc6 5. c3 e6 6. Ne2 Bd6 7. O-O Nge7 8. Nd2 O-O 9. Nf3 Bd7 10. Bf4 Qc7 11. g3 h6 12. Bc2 Rac8 13. Qd3 Nf5 14. Bxd6 Qxd6 15. g4 Rfe8 16. gxf5 exf5 17. Rae1 b5 18. Ng3 Rxe1 19. Rxe1 g6 20. Qd2 f4 21. Ne2 g5 22. Ne5 Nxe5 23. dxe5 Qe6 24. Nd4 Qg4+ 25. Kh1 Rc4 26. Qd3 Qh5 27. Qh7+ Kf8 28. Qh8+ Ke7 29. Qf6+ Kf8 30. e6 Rc6 31. e7+ Kg8 32. e8=Q+ Bxe8 33. Rxe8# 1-0

[Event "1st Sivas Buruciye Open 2019"]
[Site "Sivas"]
[Date "2019.08.22"]
[Round "6"]
[White "Ismayilov, Arturan"]
[Black "Babayeva, Nasrin"]
[Result "0-1"]
[ECO "B00"]
[WhiteElo "1561"]
[BlackElo "1547"]
[Annotator "NA"]
[PlyCount "62"]
[EventDate "2019.08.19"]
[EventType "swiss"]
[EventCountry "TUR"]
[SourceTitle "playchess.com"]
[Source "ChessBase"]
[SourceQuality "1"]
[TimeControl "5400+30"]

1. e4 Nc6 2. Nf3 d6 3. d4 Bg4 4. Bb5 a6 5. Bxc6+ bxc6 6. h3 Bh5 7. Nc3 Nf6 8. g4 Bg6 9. Qe2 h5 10. g5 Nd7 11. Nh4 e6 12. f4 Be7 13. Rg1 O-O 14. Bd2 Qc8 15. O-O-O Re8 16. Qf3 d5 17. Rdf1 Nb6 18. f5 dxe4 19. Nxe4 exf5 20. Ng3 Qe6 21. b3 Ba3+ 22. Kd1 Rad8 23. Re1 Qd7 24. Nhxf5 Rxe1+ 25. Rxe1 h4 26. c3 hxg3 27. Nxg3 c5 28. h4 cxd4 29. h5 dxc3 30. Qxc3 Qg4+ 31. Re2 Bb4 0-1

[Event "1st Sivas Buruciye Open 2019"]
[Site "Sivas"]
[Date "2019.08.22"]
[Round "6"]
[White "Babayev, Yusif"]
[Black "Ari, Hasan"]
[Result "1-0"]
[ECO "B22"]
[WhiteElo "1179"]
[BlackElo "1028"]
[Annotator "NA"]
[PlyCount "69"]
[EventDate "2019.08.19"]
[EventType "swiss"]
[EventCountry "TUR"]
[SourceTitle "playchess.com"]
[Source "ChessBase"]
[SourceQuality "1"]
[TimeControl "5400+30"]

1. e4 c5 2. c3 d6 3. d4 cxd4 4. cxd4 Nf6 5. Nc3 g6 6. Nf3 Bg7 7. h3 O-O 8. Bc4 Re8 9. O-O e5 10. d5 Nbd7 11. Be3 Nb6 12. Bb5 Bd7 13. Bxd7 Nfxd7 14. Qb3 Rc8 15. Nb5 Nc5 16. Bxc5 Rxc5 17. Nxa7 Bh6 18. Nb5 Nc4 19. Rad1 Na5 20. Qd3 Qb6 21. a4 Rc4 22. b3 Rb4 23. Rb1 Rc8 24. Ne1 Rc1 25. Nc2 Rxf1+ 26. Kxf1 Rxb3 27. Rxb3 Nxb3 28. Qxb3 Bf4 29. Qc3 Qa6 30. Qb4 Kg7 31. Kg1 h5 32. g3 Bg5 33. Nxd6 Be7 34. Nf5+ Kf6 35. Qxe7# 1-0

[Event "1st Sivas Buruciye Open 2019"]
[Site "Sivas"]
[Date "2019.08.22"]
[Round "7"]
[White "Annaberdiev, Meilis"]
[Black "Bagaturov, Giorgi"]
[Result "1/2-1/2"]
[ECO "D02"]
[WhiteElo "2518"]
[BlackElo "2417"]
[Annotator "ChessBase"]
[PlyCount "80"]
[EventDate "2019.08.19"]
[EventType "swiss"]
[EventCountry "TUR"]
[SourceTitle "playchess.com"]
[Source "ChessBase"]
[SourceQuality "1"]
[TimeControl "5400+30"]

1. d4 d5 2. Bf4 Nf6 3. e3 c5 4. c3 e6 5. Nd2 Nc6 6. Ngf3 Bd6 7. Bg3 O-O 8. Bd3 b6 9. Qe2 Bb7 10. Rd1 Qe7 11. e4 dxe4 12. Nxe4 Nxe4 13. Bxe4 Rad8 14. dxc5 Bxc5 15. O-O Rxd1 16. Rxd1 Rd8 17. b4 Bd6 18. Bh4 f6 19. Qc2 g6 20. Bg3 Bxg3 21. hxg3 e5 22. g4 Kg7 23. Re1 Rd6 24. a3 a5 25. Qb3 axb4 26. axb4 Nd8 27. g5 Bxe4 28. gxf6+ Rxf6 29. Rxe4 Nf7 30. c4 Rf4 31. Rxf4 exf4 32. c5 bxc5 33. Qc3+ Qf6 34. Qxc5 g5 35. b5 Qa1+ 36. Kh2 g4 37. Ng5 Qe1 38. Qd4+ Kg6 39. Ne4 Kf5 40. Qd5+ Ne5 1/2-1/2

[Event "1st Sivas Buruciye Open 2019"]
[Site "Sivas"]
[Date "2019.08.22"]
[Round "7"]
[White "Saraci, Nderim"]
[Black "Lortkipanidze, Nodar"]
[Result "1/2-1/2"]
[ECO "B11"]
[WhiteElo "2398"]
[BlackElo "2336"]
[Annotator "NA"]
[PlyCount "97"]
[EventDate "2019.08.19"]
[EventType "swiss"]
[EventCountry "TUR"]
[SourceTitle "playchess.com"]
[Source "ChessBase"]
[SourceQuality "1"]
[TimeControl "5400+30"]

1. e4 c6 2. Nc3 d5 3. Nf3 a6 4. d4 Bg4 5. Be2 e6 6. O-O Nf6 7. Ne5 Bxe2 8. Qxe2 Be7 9. Rd1 O-O 10. h3 Nbd7 11. Bf4 Nxe5 12. Bxe5 Nd7 13. Bg3 b5 14. a4 b4 15. Nb1 Nf6 16. Nd2 Qb6 17. Be5 Nd7 18. Nf3 Bf6 19. Bd6 Rfe8 20. a5 Qb5 21. Qxb5 axb5 22. exd5 cxd5 23. Bxb4 Rec8 24. c3 Bd8 25. Ra3 Nb8 26. Ne5 f6 27. Nd3 Kf7 28. Rda1 Nc6 29. a6 e5 30. dxe5 fxe5 31. Bc5 Be7 32. Bxe7 Kxe7 33. Rb3 Rcb8 34. Nb4 Kd6 35. Nxc6 Kxc6 36. a7 Rb7 37. Rba3 Kc5 38. Kf1 Kc4 39. Ke2 Rf7 40. f3 Rf6 41. Ra6 d4 42. cxd4 exd4 43. Rc1+ Kb3 44. Ra3+ Kxb2 45. Raa1 Rc6 46. Rab1+ Ka2 47. Ra1+ Kb2 48. Rab1+ Ka2 49. Ra1+ 1/2-1/2

[Event "1st Sivas Buruciye Open 2019"]
[Site "Sivas"]
[Date "2019.08.22"]
[Round "7"]
[White "Barsov, Alexei"]
[Black "Aliyev, Rasim"]
[Result "1-0"]
[ECO "D36"]
[WhiteElo "2383"]
[BlackElo "2139"]
[Annotator "NA"]
[PlyCount "79"]
[EventDate "2019.08.19"]
[EventType "swiss"]
[EventCountry "TUR"]
[SourceTitle "playchess.com"]
[Source "ChessBase"]
[SourceQuality "1"]
[TimeControl "5400+30"]

1. d4 d5 2. c4 e6 3. Nc3 Nf6 4. cxd5 exd5 5. Bg5 Nbd7 6. e3 c6 7. Bd3 Be7 8. Qc2 O-O 9. Nf3 Re8 10. O-O Nf8 11. h3 Ne4 12. Bf4 Nd6 13. b4 Be6 14. b5 Rc8 15. bxc6 Rxc6 16. Ne5 Rc8 17. Qb3 Qa5 18. Rfc1 f6 19. Nf3 a6 20. a4 Ne4 21. Ne2 b6 22. Rab1 Rxc1+ 23. Rxc1 Bd8 24. Nc3 g5 25. Bh2 h5 26. Qc2 Nxc3 27. Qxc3 Qxc3 28. Rxc3 Bd7 29. Bxa6 Bxa4 30. Bb7 b5 31. Bxd5+ Kg7 32. Rc8 b4 33. Ra8 Bd7 34. Bd6 g4 35. hxg4 hxg4 36. Nd2 f5 37. g3 Kg6 38. Nc4 Bf6 39. Rxe8 Bxe8 40. Bxf8 1-0

[Event "1st Sivas Buruciye Open 2019"]
[Site "Sivas"]
[Date "2019.08.22"]
[Round "7"]
[White "Sevdimaliyev, Urfan"]
[Black "Temizkan, Denizcan"]
[Result "1-0"]
[ECO "D03"]
[WhiteElo "2348"]
[BlackElo "2175"]
[Annotator "NA"]
[PlyCount "83"]
[EventDate "2019.08.19"]
[EventType "swiss"]
[EventCountry "TUR"]
[SourceTitle "playchess.com"]
[Source "ChessBase"]
[SourceQuality "1"]
[TimeControl "5400+30"]

1. d4 d5 2. Nf3 Nf6 3. Bg5 e6 4. Nbd2 Be7 5. e3 O-O 6. Bd3 Nbd7 7. c3 c5 8. Ne5 h6 9. Bh4 Nxe5 10. dxe5 Nd7 11. Bxe7 Qxe7 12. f4 f6 13. exf6 Rxf6 14. Nf3 c4 15. Bc2 Qc5 16. Qd2 b5 17. e4 dxe4 18. Bxe4 Rb8 19. O-O-O Qc7 20. Ne5 Nxe5 21. fxe5 Rf8 22. Qd6 Qxd6 23. exd6 Bb7 24. Rhe1 Bxe4 25. Rxe4 Rf6 26. Re5 a6 27. Rc5 Rf7 28. Rc6 Rd7 29. Rxa6 Kf7 30. a4 bxa4 31. Rxa4 Rc8 32. Rd4 e5 33. Rdxc4 Rxc4 34. Rxc4 Rxd6 35. b4 Ke6 36. b5 Rb6 37. Rb4 Kd5 38. Kd2 Kc5 39. Ke3 Kd5 40. g3 h5 41. h4 g6 42. Kd3 1-0

[Event "1st Sivas Buruciye Open 2019"]
[Site "Sivas"]
[Date "2019.08.22"]
[Round "7"]
[White "Arman, Deniz"]
[Black "Idrisov, Tabriz"]
[Result "1-0"]
[ECO "B06"]
[WhiteElo "2347"]
[BlackElo "2108"]
[Annotator "NA"]
[PlyCount "125"]
[EventDate "2019.08.19"]
[EventType "swiss"]
[EventCountry "TUR"]
[SourceTitle "playchess.com"]
[Source "ChessBase"]
[SourceQuality "1"]
[TimeControl "5400+30"]

1. e4 d6 2. d4 g6 3. h4 h6 4. Be3 Bg7 5. Qd2 c5 6. Ne2 cxd4 7. Nxd4 Nc6 8. Nc3 Nf6 9. f3 Bd7 10. O-O-O a6 11. g4 b5 12. Kb1 Qa5 13. Nb3 Qc7 14. Be2 b4 15. Nd5 Nxd5 16. exd5 Ne5 17. Qxb4 a5 18. Qb6 Qxb6 19. Bxb6 a4 20. Nc1 O-O 21. Bd4 Ra5 22. Bc3 Rc5 23. a3 Rfc8 24. Na2 f5 25. g5 h5 26. Nb4 Rxc3 27. bxc3 Rxc3 28. f4 Ng4 29. Rd3 Rc7 30. Rf3 Bd4 31. Rd1 Bc5 32. c3 Nf2 33. Rc1 Ne4 34. Kb2 Nd2 35. Rh3 Rc8 36. Bd3 Kf7 37. Re1 Ne4 38. Bxe4 fxe4 39. Rh2 Bf5 40. Rhe2 Rc7 41. Rxe4 Bxe4 42. Rxe4 Bf2 43. Nd3 Rb7+ 44. Kc2 Bg1 45. Rxa4 e6 46. Ra6 Ke7 47. dxe6 Kxe6 48. c4 Rc7 49. Kc3 Kf5 50. Rxd6 Kg4 51. Rxg6 Kxh4 52. f5 Be3 53. Ne5 Rc5 54. Nf3+ Kg3 55. Nd4 Bxd4+ 56. Kxd4 Rxf5 57. c5 Rf3 58. c6 Rxa3 59. Rh6 Ra4+ 60. Kd5 Ra5+ 61. Kd6 Rxg5 62. c7 Rg8 63. Rxh5 1-0

[Event "1st Sivas Buruciye Open 2019"]
[Site "Sivas"]
[Date "2019.08.22"]
[Round "7"]
[White "Darban, Morteza"]
[Black "Yarashov, Azat"]
[Result "1-0"]
[ECO "B06"]
[WhiteElo "2280"]
[BlackElo "2156"]
[Annotator "NA"]
[PlyCount "85"]
[EventDate "2019.08.19"]
[EventType "swiss"]
[EventCountry "TUR"]
[SourceTitle "playchess.com"]
[Source "ChessBase"]
[SourceQuality "1"]
[TimeControl "5400+30"]

1. e4 g6 2. d4 Bg7 3. Nf3 c6 4. h3 d6 5. Bd3 Nd7 6. O-O Qc7 7. Qe2 e5 8. dxe5 dxe5 9. b3 Ne7 10. a4 O-O 11. Ba3 Nf6 12. Nbd2 Nh5 13. Nc4 Rd8 14. Rfd1 h6 15. Qe3 b5 16. Nb2 bxa4 17. Nxa4 g5 18. Be2 Nf4 19. Rxd8+ Qxd8 20. Rd1 Qe8 21. Bf1 Neg6 22. Bc5 g4 23. hxg4 Bxg4 24. Rd2 h5 25. Ne1 Bh6 26. Qc3 Kh7 27. Be3 h4 28. Nb2 Qe6 29. Nc4 Qf6 30. Kh2 Rg8 31. Rd6 Ne6 32. Bxh6 Kxh6 33. Ne3 Bh5 34. Nf5+ Kh7 35. Qe3 Ngf4 36. Rxc6 Bg4 37. Ra6 Bxf5 38. exf5 Qxf5 39. Nd3 Ng6 40. Ra5 Ng5 41. Nxe5 h3 42. Bd3 Ne4 43. Bxe4 1-0

[Event "1st Sivas Buruciye Open 2019"]
[Site "Sivas"]
[Date "2019.08.22"]
[Round "7"]
[White "Bayramov, Elvin"]
[Black "Abdulov, Orkhan"]
[Result "0-1"]
[ECO "C29"]
[WhiteElo "2198"]
[BlackElo "2397"]
[Annotator "NA"]
[PlyCount "117"]
[EventDate "2019.08.19"]
[EventType "swiss"]
[EventCountry "TUR"]
[SourceTitle "playchess.com"]
[Source "ChessBase"]
[SourceQuality "1"]
[TimeControl "5400+30"]

1. e4 e5 2. Nc3 Nf6 3. f4 d5 4. fxe5 Nxe4 5. Qf3 Nxc3 6. bxc3 c5 7. Bb5+ Bd7 8. Bxd7+ Qxd7 9. Ne2 Nc6 10. O-O Nxe5 11. Qe3 Qe7 12. d4 Nc6 13. Qf3 O-O-O 14. Rb1 f6 15. Ba3 Qd7 16. Bxc5 Bxc5 17. dxc5 Qe7 18. Qf2 Rhe8 19. Ng3 g6 20. Rfe1 Qf8 21. Ne2 f5 22. Nf4 Qf7 23. Rxe8 Rxe8 24. Rd1 Re5 25. Qd2 Qe7 26. Kh1 Qg5 27. Qf2 Qg4 28. Qf1 Re4 29. g3 d4 30. cxd4 Nxd4 31. c6 Nxc6 32. Rd3 Qg5 33. Qa1 Re5 34. Qc3 Qe7 35. Qb3 Re1+ 36. Kg2 Qe8 37. Rd6 Re5 38. Qc4 Kb8 39. Re6 Rxe6 40. Nxe6 Qe7 41. Qd5 a6 42. c4 Kc8 43. Nc5 Nb4 44. Qg8+ Kc7 45. Ne6+ Kd6 46. Nf4 g5 47. Qb8+ Kc5 48. Qc8+ Kd4 49. Ne6+ Kc3 50. Qh8+ Kxc4 51. Qd4+ Kb5 52. Qe5+ Kb6 53. Qe3+ Ka5 54. Qe5+ b5 55. Qxf5 Nxa2 56. Nxg5 Nc3 57. Ne6 Qd6 58. Nf4 Qc6+ 59. Kg1 0-1

[Event "1st Sivas Buruciye Open 2019"]
[Site "Sivas"]
[Date "2019.08.22"]
[Round "7"]
[White "Ghaffarifar, Matin"]
[Black "Gasimov, Parviz"]
[Result "0-1"]
[ECO "E09"]
[WhiteElo "2082"]
[BlackElo "2342"]
[Annotator "NA"]
[PlyCount "146"]
[EventDate "2019.08.19"]
[EventType "swiss"]
[EventCountry "TUR"]
[SourceTitle "playchess.com"]
[Source "ChessBase"]
[SourceQuality "1"]
[TimeControl "5400+30"]

1. d4 d5 2. c4 c6 3. Nf3 Nf6 4. g3 e6 5. Bg2 Nbd7 6. O-O Be7 7. Nbd2 O-O 8. Qc2 b6 9. e4 Ba6 10. Rd1 Rc8 11. Ne5 Nxe5 12. dxe5 Ng4 13. Qa4 Bxc4 14. Nxc4 b5 15. Qc2 bxc4 16. Qe2 Nh6 17. Be3 Kh8 18. Qh5 Ng8 19. exd5 cxd5 20. Bxa7 Qa5 21. Bd4 Bc5 22. Qh4 Ne7 23. Bxc5 Qxc5 24. b3 Ng6 25. Qh5 c3 26. Rac1 f6 27. exf6 Rxf6 28. Qe2 Rcf8 29. Qe3 Qa5 30. Rc2 Rc8 31. Rd3 Rd8 32. Qd4 Qa6 33. Qxc3 Ne5 34. Re3 d4 35. Qc7 Nf7 36. Bf1 Qa8 37. Re1 Rf8 38. Bg2 Qa6 39. Qc5 Rd8 40. f4 d3 41. Rd2 Rf5 42. Qc3 Qb6+ 43. Kh1 Rc5 44. Qb2 Nh6 45. Be4 Ng4 46. h3 Rh5 47. Kg2 Ne3+ 48. Kf3 Nc2 49. Rxc2 dxc2 50. Qxc2 Rxh3 51. Rd1 Rxd1 52. Qxd1 Rh2 53. Qf1 Rxa2 54. Qh1 Qf2+ 55. Kg4 Qe2+ 56. Bf3 Qd3 57. Be4 Qe2+ 58. Bf3 Qh2 59. Qxh2 Rxh2 60. Bc6 Kg8 61. b4 Rb2 62. b5 Rb3 63. Kh4 Kf7 64. g4 Kf6 65. Bd7 Ke7 66. Bc6 Kf6 67. Be4 h6 68. g5+ hxg5+ 69. fxg5+ Ke5 70. Bc6 Kf5 71. Be8 g6 72. Bd7 Rb4+ 73. Kh3 Kxg5 0-1

[Event "1st Sivas Buruciye Open 2019"]
[Site "Sivas"]
[Date "2019.08.22"]
[Round "7"]
[White "Amanmuradow, Atajan"]
[Black "Altundal, Arda"]
[Result "1/2-1/2"]
[ECO "D05"]
[WhiteElo "1794"]
[BlackElo "1659"]
[Annotator "NA"]
[PlyCount "118"]
[EventDate "2019.08.19"]
[EventType "swiss"]
[EventCountry "TUR"]
[SourceTitle "playchess.com"]
[Source "ChessBase"]
[SourceQuality "1"]
[TimeControl "5400+30"]

1. d4 d5 2. Nf3 Nf6 3. e3 e6 4. b3 c5 5. Bb2 Nc6 6. Nbd2 Bd6 7. c4 O-O 8. Bd3 b6 9. O-O Bb7 10. a3 Ne7 11. Ne5 Ng6 12. f4 Ne4 13. Ndf3 Ne7 14. Nd2 f6 15. Nef3 Nf5 16. Qe2 cxd4 17. Nxd4 Nxd4 18. exd4 f5 19. Qe3 Rc8 20. Nf3 Qe7 21. Ne5 Rc7 22. Qe2 Bxe5 23. fxe5 Qg5 24. Rac1 Rfc8 25. Rc2 Qe7 26. Rfc1 a5 27. Qe3 Qg5 28. Qxg5 Nxg5 29. c5 bxc5 30. dxc5 Bc6 31. Bc3 a4 32. b4 Rb8 33. Bd4 Nf7 34. Rb2 Bb5 35. Bxb5 Rxb5 36. c6 Nd8 37. Rbc2 Kf7 38. Kf2 g5 39. g3 Kg6 40. Ke3 h6 41. h3 Kf7 42. Kf3 Kg6 43. h4 g4+ 44. Ke3 Kh5 45. Kf2 Kg6 46. Ke3 Kh5 47. Kf2 Kg6 48. h5+ Kg7 49. Ke3 Kf7 50. Kd3 Kg7 51. Ke3 Kf7 52. Kf4 Ke8 53. Bc5 Rxc6 54. Bd6 Kd7 55. Ke3 Rxc2 56. Rxc2 Nc6 57. Kf4 d4 58. Bc5 Ne7 59. Bxe7 Kxe7 1/2-1/2

[Event "1st Sivas Buruciye Open 2019"]
[Site "Sivas"]
[Date "2019.08.22"]
[Round "7"]
[White "Taze, Bulent"]
[Black "Can, Ilhan"]
[Result "1/2-1/2"]
[ECO "A41"]
[WhiteElo "1743"]
[BlackElo "1683"]
[Annotator "NA"]
[PlyCount "22"]
[EventDate "2019.08.19"]
[EventType "swiss"]
[EventCountry "TUR"]
[SourceTitle "playchess.com"]
[Source "ChessBase"]
[SourceQuality "1"]
[TimeControl "5400+30"]

1. d4 d6 2. c4 e5 3. dxe5 dxe5 4. Qxd8+ Kxd8 5. Nc3 c6 6. Bd2 Be6 7. e4 Nd7 8. Nf3 f6 9. O-O-O Kc7 10. Kc2 h5 11. Be2 g6 1/2-1/2

[Event "1st Sivas Buruciye Open 2019"]
[Site "Sivas"]
[Date "2019.08.22"]
[Round "7"]
[White "Zeynalov, Tural"]
[Black "Shahlarov, Faig"]
[Result "1-0"]
[ECO "B90"]
[WhiteElo "1709"]
[BlackElo "1798"]
[Annotator "NA"]
[PlyCount "133"]
[EventDate "2019.08.19"]
[EventType "swiss"]
[EventCountry "TUR"]
[SourceTitle "playchess.com"]
[Source "ChessBase"]
[SourceQuality "1"]
[TimeControl "5400+30"]

1. e4 c5 2. Nf3 d6 3. d4 cxd4 4. Nxd4 Nf6 5. Nc3 a6 6. h4 Nc6 7. h5 h6 8. Be2 e5 9. Nb3 Be6 10. f4 Na5 11. f5 Nxb3 12. axb3 Bd7 13. Bf3 Qb6 14. Qd3 Bc6 15. Be3 Qc7 16. O-O-O b5 17. Bf2 Rb8 18. Bh4 b4 19. Nd5 Nxd5 20. exd5 Bb5 21. Qd2 Qa5 22. Kb1 f6 23. Be1 Bd7 24. Be4 Qc7 25. Rh4 a5 26. Bd3 Be7 27. Qe2 O-O 28. Bd2 Kh8 29. Rg4 Rg8 30. Rg6 Be8 31. Qg4 Bxg6 32. hxg6 Rgc8 33. Rh1 Bf8 34. Rh5 a4 35. bxa4 b3 36. c3 Qc5 37. Qf3 Qg1+ 38. Bf1 e4 39. Qf4 Qa7 40. Qxe4 Re8 41. Qh4 Kg8 42. Qd4 Qxd4 43. cxd4 Re4 44. Bc3 Rbe8 45. Kc1 Re1+ 46. Bxe1 Rxe1+ 47. Kd2 Rxf1 48. Kc3 Be7 49. Kxb3 Kf8 50. Kc4 Ke8 51. a5 Kd7 52. Kb5 Rf4 53. a6 Kc7 54. Rh3 Rxd4 55. Rc3+ Kb8 56. a7+ Kxa7 57. Rc7+ Kb8 58. Rxe7 Rxd5+ 59. Kb6 Kc8 60. Kc6 Rc5+ 61. Kxd6 Rxf5 62. Rxg7 Rg5 63. Ke6 Rxg2 64. Kf7 Rxb2 65. Rh7 Kd7 66. g7 Rg2 67. Rxh6 1-0

[Event "1st Sivas Buruciye Open 2019"]
[Site "Sivas"]
[Date "2019.08.22"]
[Round "7"]
[White "Tofan, Ismail"]
[Black "Var, Sefa"]
[Result "1-0"]
[ECO "A12"]
[WhiteElo "1669"]
[BlackElo "1698"]
[Annotator "NA"]
[PlyCount "45"]
[EventDate "2019.08.19"]
[EventType "swiss"]
[EventCountry "TUR"]
[SourceTitle "playchess.com"]
[Source "ChessBase"]
[SourceQuality "1"]
[TimeControl "5400+30"]

1. Nf3 d5 2. b3 Nf6 3. e3 Bg4 4. Be2 e6 5. Bb2 Nbd7 6. O-O Bd6 7. c4 c6 8. d4 Ne4 9. Nbd2 f5 10. h3 Bh5 11. Ne5 Bxe2 12. Qxe2 Nxd2 13. Qxd2 Nxe5 14. dxe5 Bc7 15. Qb4 Rb8 16. cxd5 a5 17. Qc5 Qxd5 18. Qxd5 cxd5 19. Rac1 Kd7 20. g4 Rhf8 21. Ba3 Rf7 22. Rxc7+ Kxc7 23. Bd6+ 1-0

[Event "1st Sivas Buruciye Open 2019"]
[Site "Sivas"]
[Date "2019.08.22"]
[Round "7"]
[White "Samli, Ibrahim"]
[Black "Sabahi, Ali Can"]
[Result "1-0"]
[ECO "B40"]
[WhiteElo "1655"]
[BlackElo "1825"]
[Annotator "NA"]
[PlyCount "131"]
[EventDate "2019.08.19"]
[EventType "swiss"]
[EventCountry "TUR"]
[SourceTitle "playchess.com"]
[Source "ChessBase"]
[SourceQuality "1"]
[TimeControl "5400+30"]

1. e4 c5 2. Nf3 e6 3. d4 cxd4 4. Nxd4 Nf6 5. Nc3 Bb4 6. Bd3 Nc6 7. Nxc6 bxc6 8. Bd2 d5 9. e5 Nd7 10. Qg4 Bf8 11. Qg3 g6 12. h4 Bg7 13. f4 Qb6 14. h5 Nc5 15. O-O-O Nxd3+ 16. Qxd3 Ba6 17. Qg3 O-O-O 18. hxg6 hxg6 19. Rxh8 Rxh8 20. Be3 Qa5 21. Qf2 Bf8 22. Kb1 c5 23. Bd2 Qc7 24. g3 Qc6 25. b3 d4 26. Na4 Bb7 27. Be1 Qf3 28. Qd2 Be7 29. Rc1 Kb8 30. Qa5 Rc8 31. Nb2 g5 32. Nd3 gxf4 33. gxf4 Rc6 34. Qb5 a6 35. Qa5 c4 36. bxc4 Rxc4 37. a3 Kc8 38. Kb2 Bd8 39. Qd2 Ra4 40. Qf2 Qd5 41. Bb4 a5 42. Bd6 Qb5+ 43. Ka1 Bd5 44. Nb2 Bc7 45. Qg3 Bxd6 46. exd6 Kd7 47. Rb1 Rc4 48. Nxc4 Qxc4 49. Qb3 Qxb3 50. cxb3 Kxd6 51. Kb2 Bf3 52. Re1 d3 53. Kc3 Be2 54. Rc1 e5 55. fxe5+ Kxe5 56. Kd2 Kd5 57. b4 axb4 58. axb4 Kd4 59. b5 Bf3 60. b6 f5 61. Rc7 f4 62. b7 Bxb7 63. Rxb7 Ke4 64. Rb4+ Kf3 65. Kxd3 Kg3 66. Ke4 1-0

[Event "1st Sivas Buruciye Open 2019"]
[Site "Sivas"]
[Date "2019.08.22"]
[Round "7"]
[White "Ozen, Sadettin Alperen"]
[Black "Ismayilov, Arturan"]
[Result "1-0"]
[ECO "B98"]
[WhiteElo "1549"]
[BlackElo "1561"]
[Annotator "NA"]
[PlyCount "47"]
[EventDate "2019.08.19"]
[EventType "swiss"]
[EventCountry "TUR"]
[SourceTitle "playchess.com"]
[Source "ChessBase"]
[SourceQuality "1"]
[TimeControl "5400+30"]

1. e4 c5 2. Nf3 d6 3. d4 cxd4 4. Nxd4 Nf6 5. Nc3 a6 6. Bg5 e6 7. Qe2 Be7 8. f4 Nc6 9. Nxc6 bxc6 10. O-O-O Qc7 11. e5 dxe5 12. fxe5 Nd5 13. Ne4 Qxe5 14. Bxe7 Kxe7 15. Qd3 Nb4 16. Qc4 Rb8 17. c3 Nxa2+ 18. Qxa2 Qxe4 19. Qa3+ Kf6 20. Bd3 Qe3+ 21. Kb1 g6 22. Qd6 Rb7 23. Rhe1 Rd7 24. Qxd7 1-0

[Event "1st Sivas Buruciye Open 2019"]
[Site "Sivas"]
[Date "2019.08.22"]
[Round "7"]
[White "Babayeva, Nasrin"]
[Black "Sibli, Murat Yigit"]
[Result "1/2-1/2"]
[ECO "E09"]
[WhiteElo "1547"]
[BlackElo "1583"]
[Annotator "NA"]
[PlyCount "96"]
[EventDate "2019.08.19"]
[EventType "swiss"]
[EventCountry "TUR"]
[SourceTitle "playchess.com"]
[Source "ChessBase"]
[SourceQuality "1"]
[TimeControl "5400+30"]

1. c4 Nf6 2. Nf3 e6 3. g3 Be7 4. Bg2 O-O 5. O-O d5 6. Qc2 c6 7. d4 b6 8. b3 Bb7 9. Bb2 Nbd7 10. Nbd2 Rc8 11. Rac1 c5 12. Qb1 Bd6 13. cxd5 exd5 14. Rfd1 Qe7 15. e3 Rfd8 16. Qa1 Ne4 17. dxc5 Bxc5 18. Nxe4 dxe4 19. Nd4 g6 20. a3 a5 21. Ne2 Bd6 22. Rxc8 Rxc8 23. Bh3 f5 24. Nd4 Rf8 25. Bf1 Ne5 26. Nb5 Bb8 27. a4 Nf3+ 28. Kh1 Be5 29. Bc4+ Kg7 30. Bxe5+ Nxe5 31. Rd6 Rf6 32. Rxf6 Qxf6 33. Nc7 Bc6 34. Ne6+ Kh6 35. Qf1 g5 36. Nd4 Bd7 37. Bg8 Kg7 38. Bc4 Nf3 39. Nxf3 exf3 40. Qd1 Bc6 41. Qd4 Kg6 42. Kg1 f4 43. Bd3+ Kg7 44. Qxf6+ Kxf6 45. Bxh7 fxe3 46. fxe3 g4 47. Bg8 Ke5 48. Kf2 Be4 1/2-1/2

[Event "1st Sivas Buruciye Open 2019"]
[Site "Sivas"]
[Date "2019.08.22"]
[Round "7"]
[White "Toksan, Hayati"]
[Black "Subasi, Fidel"]
[Result "1-0"]
[ECO "A84"]
[WhiteElo "1408"]
[BlackElo "1683"]
[Annotator "NA"]
[PlyCount "89"]
[EventDate "2019.08.19"]
[EventType "swiss"]
[EventCountry "TUR"]
[SourceTitle "playchess.com"]
[Source "ChessBase"]
[SourceQuality "1"]
[TimeControl "5400+30"]

1. d4 e6 2. c4 f5 3. Nc3 Nf6 4. g3 Bb4 5. Bd2 O-O 6. a3 Bxc3 7. Bxc3 d6 8. b4 Ne4 9. Bb2 f4 10. Nf3 d5 11. c5 Qe8 12. Bc1 fxg3 13. hxg3 a5 14. Bf4 axb4 15. axb4 Rxa1 16. Qxa1 Qb5 17. Qb2 Nc6 18. Bg2 Qxb4+ 19. Qxb4 Nxb4 20. O-O Nc3 21. Bxc7 Nxe2+ 22. Kh2 Nc6 23. Rd1 Bd7 24. Rd2 Nc3 25. Rb2 Bc8 26. Bd6 Re8 27. Bf1 Ne4 28. Bf4 g5 29. Be3 Rf8 30. Kg2 h6 31. Bd3 Nf6 32. Ne5 Nxe5 33. dxe5 Nd7 34. Bd4 Nb8 35. Be3 Nc6 36. f4 Rf7 37. Rb1 Bd7 38. Rxb7 Be8 39. Rb6 g4 40. Bg6 Ra7 41. Bxe8 Ra2+ 42. Bf2 Nd4 43. c6 Nc2 44. Rb1 Ne3+ 45. Kg1 1-0

[Event "1st Sivas Buruciye Open 2019"]
[Site "Sivas"]
[Date "2019.08.22"]
[Round "7"]
[White "Uslu, Ali Yigit"]
[Black "Akbayir, Eymen"]
[Result "1/2-1/2"]
[ECO "C54"]
[WhiteElo "1249"]
[BlackElo "1108"]
[Annotator "NA"]
[PlyCount "99"]
[EventDate "2019.08.19"]
[EventType "swiss"]
[EventCountry "TUR"]
[SourceTitle "playchess.com"]
[Source "ChessBase"]
[SourceQuality "1"]
[TimeControl "5400+30"]

1. e4 e5 2. Nf3 Nc6 3. Bc4 Bc5 4. d3 Nf6 5. Bb3 d6 6. c3 h6 7. h3 O-O 8. O-O Re8 9. Nbd2 d5 10. exd5 Nxd5 11. Ne4 Bb6 12. Re1 Bf5 13. Ng3 Bg6 14. Bc2 Nf6 15. Nf1 e4 16. dxe4 Qxd1 17. Rxd1 Bxe4 18. Bxe4 Nxe4 19. Be3 Rad8 20. Bxb6 axb6 21. Ne3 Nf6 22. Kf1 Kf8 23. Rd2 Rxd2 24. Nxd2 Rd8 25. Nf3 g6 26. g3 Ne4 27. Rd1 Rxd1+ 28. Nxd1 Ke7 29. Ke2 Ke6 30. Ke3 f5 31. Nd4+ Ke5 32. Nb5 Ne7 33. Nxc7 Nd5+ 34. Nxd5 Kxd5 35. g4 Ke5 36. f3 f4+ 37. Kd3 Ng5 38. Ke2 Nxh3 39. b3 Ng5 40. Nb2 Kd5 41. Nc4 b5 42. Nb6+ Ke6 43. a4 bxa4 44. Nxa4 Kd6 45. Nb2 Kd5 46. Nc4 Ne6 47. Nb6+ Kc5 48. Nd7+ Kd6 49. Nb6 Kc6 50. Nc4 1/2-1/2

[Event "1st Sivas Buruciye Open 2019"]
[Site "Sivas"]
[Date "2019.08.23"]
[Round "8"]
[White "Bagaturov, Giorgi"]
[Black "Barsov, Alexei"]
[Result "1/2-1/2"]
[ECO "E05"]
[WhiteElo "2417"]
[BlackElo "2383"]
[Annotator "NA"]
[PlyCount "28"]
[EventDate "2019.08.19"]
[EventType "swiss"]
[EventCountry "TUR"]
[SourceTitle "playchess.com"]
[Source "ChessBase"]
[SourceQuality "1"]
[TimeControl "5400+30"]

1. d4 Nf6 2. c4 e6 3. Nf3 d5 4. g3 Be7 5. Bg2 O-O 6. O-O dxc4 7. Qa4 a6 8. Qxc4 b5 9. Qc2 Bb7 10. Bd2 Be4 11. Qc1 Bb7 12. Qc2 Be4 13. Qc1 Bb7 14. Qc2 Be4 1/2-1/2